 Dungeon Sprint DCSS version 0.27-a0-1228-gfd60fd639a (webtiles) character file.

Game seed: 3278087710476194066

24 mhtbhm the Insei (level 3, -13/26 HPs)
             Began as a Merfolk Transmuter on June 7, 2021.
             Mangled by an ogre
             ... wielding a +0 giant spiked club
              (20 damage)
             ... in the Dungeon (Sprint I: "Red Sonja").
             The game lasted 00:00:21 (234 turns).

mhtbhm the Insei (Merfolk Transmuter)                Turns: 234, Time: 00:00:22

Health: -13/26     AC:  2    Str: 11    XL:     3   Next: 2%
Magic:  2/7        EV: 21    Int: 12    God:
Gold:   0          SH:  0    Dex: 19    Spells: 1/7 levels left

rFire    . . .     SeeInvis .     - Unarmed
rCold    . . .     Faith    .   (shield currently unavailable)
rNeg     . . .     Spirit   .   (armour currently unavailable)
rPois    x         Reflect  .   (helmet currently unavailable)
rElec    .         Harm     .   (cloak currently unavailable)
rCorr    .         Rampage  .   (gloves currently unavailable)
Will     .....     NoTele   +   (boots currently unavailable)
Stlth    ++........             (no amulet)
HPRegen  0.08/turn              (no ring)
MPRegen  0.10/turn              (no ring)

@: spider-form (expiring), wereblooded
A: venomous fangs, tiny, (nimble swimmer 2), (mertail)
a: End Transformation


You were in the Dungeon.
You were a venomous arachnid creature.
You visited 1 branch

Inventory:

Armour
 a - a +0 robe (melded)
Scrolls
 h - a scroll of blinking
Potions
 c - a potion of curing
 d - a potion of heal wounds
 e - a potion of haste
 f - 2 potions of magic


   Skills:
 + Level 1.1 Fighting
 + Level 3.8 Dodging
 + Level 5.6 Unarmed Combat
 + Level 2.9 Spellcasting
 + Level 3.7 Transmutations


You had one spell level left.
You knew the following spells:

 Your Spells              Type           Power      Damage    Failure   Level
a - Beastly Appendage     Tmut           20%        N/A       16%         1
b - Wereblood             Tmut           10%        N/A       21%         2
c - Spider Form           Tmut/Pois      3%         N/A       56%         3

Your spell library contained the following spells:

 Spells                   Type           Power      Damage    Failure   Level
 Ice Form                 Ice/Tmut       6%         N/A       89%         4
 Hydra Form               Tmut           5%         N/A       93%         5


Dungeon Overview and Level Annotations

Branches:
Dungeon (1/1)

Altars:


Innate Abilities, Weirdness & Mutations

You are a venomous arachnid creature.
You have poisonous fangs.
You are tiny and dextrous.
Your spellcasting is less reliable in this form.
Your armour is entirely melded.
You are incapable of wielding weapons or throwing items.
((You are quick and stealthy near water. (Stealth+, EV+, Speed+++)))
((Your lower body shifts to a powerful aquatic tail in water.))


Message History

You start resting.
You feel yourself speed up.
You start resting.
You recover from your berserk rage.
You start resting.
Magic restored.
Unknown command.
You start resting.
HP restored.
Memorise Wereblood, consuming 2 spell levels and leaving 4?
You start memorising the spell.
You continue memorising. x2
You finish memorising.
Spell assigned to 'b'.
This spell is extremely dangerous to cast!
Memorise Spider Form, consuming 3 spell levels and leaving 1?
You start memorising the spell.
You continue memorising. x3
You finish memorising.
Spell assigned to 'c'.
Unknown command.
Casting: Beastly Appendage (safe; 5% risk of failure)
Confirm with . or Enter, or press ? or * to list all spells.
Your blood is infused with primal strength.
Casting: Wereblood (safe; 8% risk of failure)
Confirm with . or Enter, or press ? or * to list all spells.
The spell is extremely dangerous to cast (34% risk of failure)!
Continue anyway?
You turn into a venomous arachnid creature.
Your +0 robe melds into your body.
You open the door.
An ogre comes into view. It is wielding a +0 giant spiked club.
Your transformation is almost over.
There is an open door here.
The ogre shouts!
The ogre hits you with a +0 giant spiked club!!
Ouch! That really hurt!
* * * LOW HITPOINT WARNING * * *
You are too injured to fight recklessly!
Unknown command.
You hit the ogre.
The ogre is lightly wounded.
The ogre hits you with a +0 giant spiked club!!
Ouch! That really hurt!
You die...

##########
#<.#..'s.#
#..)..#.O+
#..#####+#
#..# #..#
#..# #⌠⌠#
####


You could see an ogre.

Vanquished Creatures
  Ijyb (D)
1 creature vanquished.

Notes
Turn   | Place    | Note
-------+----------+-------------------------------------------
     0 | D        | mhtbhm the Merfolk Transmuter began the quest for the Orb.
     0 | D        | Reached XP level 1. HP: 15/15 MP: 3/3
     2 | D        | Noticed Ijyb
    12 | D        | Killed Ijyb
    13 | D        | Reached skill level 5 in Unarmed Combat
    13 | D        | Reached XP level 2. HP: 10/21 MP: 2/5
    13 | D        | Reached XP level 3. HP: 13/26 MP: 2/7
   222 | D        | Learned a level 2 spell: Wereblood
   226 | D        | Learned a level 3 spell: Spider Form
   231 | D        | Noticed an ogre
   234 | D        | Mangled by an ogre

Illustrated notes

Levels and vault maps discovered:
D:        dungeon_sprint_1 [red_sonja_temple_1, red_sonja_temple_small_1]

Skill      XL: |  1 |
---------------+----+-----
Dodging        | 3 |  3.8
Unarmed Combat | 5 |  5.6
Transmutations | 3 |  3.7
Fighting       | |  1.1
Spellcasting   | |  2.9

Action                   || total
-------------------------++-------
Melee: Unarmed           ||     9
       Headbutt          ||     2
 Cast: Beastly Appendage ||     1
       Spider Form       ||     1
       Wereblood         ||     1
  Use: Potion            ||     1
Armor: Robe              ||     1

Table legend: (Time is in decaauts)
 A = Elapsed time spent in this place.
 B = Non-inter-level travel time spent in this place.
 C = Inter-level travel time spent in this place.
 D = Time resting spent in this place.
 E = Time spent auto-exploring this place.
 F = Levels seen in this place.
 G = Mean time per level.
                   A        B        C        D        E       F      G
               +--------+--------+--------+--------+--------+-----+--------+
         Total |    236 |    236 |      0 |    210 |      0 |   1 |  236.0 |
       Dungeon |    236 |    236 |      0 |    210 |      0 |   1 |  236.0 |
               +--------+--------+--------+--------+--------+-----+--------+

Top non-repeatable levels by time:
       D: 236 daAuts
